 Dungeon Sprint DCSS version 0.22-a0-388-g09e6169d0a (webtiles) character file.

1092 Cashmere the Eye of the Storm (level 8, -7/68 HPs)
             Began as a Demonspawn Fighter on Apr 30, 2018.
             Was a Priest of Qazlal.
             Mangled by a white ugly thing (11 damage)
             ... in the Dungeon (Sprint IX: "|||||||||||||||||||||||||||||").
             The game lasted 00:01:12 (415 turns).

Cashmere the Eye of the Storm (Demonspawn Fighter)   Turns: 415, Time: 00:01:13

Health: -7/68      AC: 10    Str: 22    XL:     8   Next: 9%
Magic:  14/15      EV: 11    Int:  9    God:    Qazlal [***...]
Gold:   0          SH: 15    Dex: 16    Spells: 7/7 levels left

rFire    . . .     SeeInvis .   a - +0 flail
rCold    . . .     Gourm    .   c - +0 shield
rNeg     . . .     Faith    .   q - +2 ring mail
rPois    .         Spirit   .   (helmet restricted)
rElec    .         Reflect  .   (no cloak)
rCorr    .         Harm     .   p - +0 pair of gloves
MR       .....     NoTele   +   (no boots)
Stlth    +.........             (no amulet)
HPRegen  0.21/turn              r - +3 ring of dexterity
MPRegen  0.14/turn              s - +3 ring of strength

@: no status effects
A: horns 1, powered by pain 2
a: Upheaval, Elemental Force, Renounce Religion


You were in the Dungeon.
You worshipped Qazlal.
Qazlal was most pleased with you.
You were not hungry.

You visited 1 branch

Inventory:

Hand Weapons
 a - a +0 flail (weapon)
Armour
 c - a +0 shield (worn)
 p - a +0 pair of gloves (worn)
 q - a +2 ring mail (worn)
Jewellery
 r - a +3 ring of dexterity (left hand)
 s - a +3 ring of strength (right hand)
Scrolls
 k - 2 scrolls of blinking
 l - 3 scrolls of remove curse
 m - 2 scrolls of amnesia
Potions
 d - a potion of might
 e - 5 potions of curing
 g - 3 potions of heal wounds
 h - a potion of haste
 i - 4 potions of magic
 j - a potion of invisibility
Comestibles
 b - 3 chunks of flesh
 f - a ration


   Skills:
 + Level 8.0 Fighting
 + Level 8.7 Maces & Flails
 + Level 7.4 Armour
 + Level 2.5 Dodging
 + Level 7.5 Shields
 * Level 9.5 Invocations


You had 7 spell levels left.
You didn't know any spells.

Dungeon Overview and Level Annotations

Branches:
Dungeon (1/1)

Altars:
Cheibriados
Dithmenos
Elyvilon
Fedhas
Gozag
Hepliaklqana
Kikubaaqudgha
Makhleb
Nemelex Xobeh
Okawaru
Qazlal
Ru
Sif Muna
Trog
Uskayaw
Vehumet
Wu Jian
Xom
Yredelemnul
Zin
The Shining One
Beogh
Jiyva
Lugonu


Innate Abilities, Weirdness & Mutations

You have a pair of small horns on your head.
You sometimes gain power by taking damage.


Message History

The white ugly thing is almost dead.
You block the white ugly thing's attack.
You hit the white ugly thing.
Your headbutt misses the white ugly thing.
The white ugly thing is almost dead.
You block the white ugly thing's attack.
You closely miss the white ugly thing.
The white ugly thing is almost dead.
You block the white ugly thing's attack.
You closely miss the white ugly thing. You headbutt the white ugly thing.
The white ugly thing is almost dead.
The white ugly thing stings you!
* * * LOW HITPOINT WARNING * * *
The white ugly thing freezes you!
* * * LOW HITPOINT WARNING * * *
You block the white ugly thing's attack.
You barely miss the white ugly thing.
The white ugly thing is almost dead.
The white ugly thing stings you!
You die...

▓.▓
▓.▓
▓.▓
▓.▓
▓.▓
▓.▓
▓u▓
▓@▓
▓.▓
▓.▓
▓.▓
▓)▓
▓)▓
▓'▓
▓[▓
▓.▓


You could see a white ugly thing.

Vanquished Creatures
  A troll (D)
  A hippogriff (D)
  A basilisk (D)
  A yak (D)
  An ogre (D)
  A phantom (D)
  A centaur (D)
  A gnoll sergeant (D)
  A bullfrog (D)
  A scorpion (D)
  A gnoll (D)
  A shadow imp (D)
  An adder zombie (D)
  3 orcs (D)
  A bat (D)
  A giant cockroach (D)
  A jackal (D)
  A frilled lizard (D)
  A kobold (D)
21 creatures vanquished.

Notes
Turn   | Place    | Note
-------+----------+-------------------------------------------
     0 | D        | Cashmere the Demonspawn Fighter began the quest for the Orb.
     0 | D        | Reached XP level 1. HP: 18/18 MP: 1/1
    73 | D        | Gained mutation: You have a pair of small horns on your head. [demonic ancestry]
    73 | D        | Reached XP level 2. HP: 24/24 MP: 2/2
    77 | D        | Reached skill level 5 in Maces & Flails
    80 | D        | Reached XP level 3. HP: 29/29 MP: 3/3
   114 | D        | Found a roughly hewn altar of Beogh.
   114 | D        | Found a snail-covered altar of Cheibriados.
   114 | D        | Found a shadowy altar of Dithmenos.
   114 | D        | Found a white marble altar of Elyvilon.
   114 | D        | Found a blossoming altar of Fedhas.
   114 | D        | Found an opulent altar of Gozag.
   115 | D        | Found a hazy altar of Hepliaklqana.
   116 | D        | Found a viscous altar of Jiyva.
   117 | D        | Found an ancient bone altar of Kikubaaqudgha.
   118 | D        | Found a corrupted altar of Lugonu.
   119 | D        | Found a burning altar of Makhleb.
   120 | D        | Found a sparkling altar of Nemelex Xobeh.
   121 | D        | Found an iron altar of Okawaru.
   122 | D        | Found a stormy altar of Qazlal.
   123 | D        | Found a sacrificial altar of Ru.
   124 | D        | Found a deep blue altar of Sif Muna.
   125 | D        | Found a bloodstained altar of Trog.
   126 | D        | Found a hide-covered altar of Uskayaw.
   127 | D        | Found a radiant altar of Vehumet.
   128 | D        | Found an ornate altar of the Wu Jian Council.
   129 | D        | Found a shimmering altar of Xom.
   130 | D        | Became a worshipper of Qazlal Stormbringer
   131 | D        | Found a basalt altar of Yredelemnul.
   132 | D        | Found a glowing silver altar of Zin.
   133 | D        | Found a glowing golden altar of the Shining One.
   179 | D        | Noticed a troll
   179 | D        | Noticed a hippogriff
   179 | D        | Noticed a centaur
   179 | D        | Noticed a gnoll sergeant
   179 | D        | Noticed an ogre
   179 | D        | Noticed a phantom
   181 | D        | Killed an ogre
   181 | D        | Reached skill level 3 in Invocations
   181 | D        | Gained mutation: You sometimes gain a little power by taking damage. [demonic ancestry]
   181 | D        | Reached XP level 4. HP: 38/38 MP: 3/6
   181 | D        | Killed a gnoll sergeant
   181 | D        | Reached skill level 5 in Fighting
   181 | D        | Reached skill level 1 in Dodging
   181 | D        | Reached skill level 5 in Invocations
   181 | D        | Reached XP level 5. HP: 44/44 MP: 3/8
   183 | D        | Killed a phantom
   183 | D        | Reached * piety under Qazlal
   183 | D        | Reached skill level 5 in Shields
   186 | D        | Killed a centaur
   186 | D        | Reached skill level 5 in Armour
   186 | D        | Reached skill level 6 in Invocations
   186 | D        | Gained mutation: You sometimes gain power by taking damage. [demonic ancestry]
   186 | D        | Reached XP level 6. HP: 52/52 MP: 3/10
   188 | D        | Killed a hippogriff
   188 | D        | Reached skill level 7 in Invocations
   194 | D        | Killed a troll
   194 | D        | Reached ** piety under Qazlal
   194 | D        | Reached skill level 8 in Invocations
   194 | D        | Reached XP level 7. HP: 20/60 MP: 4/13
   395 | D        | Noticed a basilisk
   395 | D        | Noticed a white ugly thing
   395 | D        | Noticed a yak
   401 | D        | Killed a yak
   401 | D        | Reached skill level 9 in Invocations
   402 | D        | Reached *** piety under Qazlal
   405 | D        | Killed a basilisk
   405 | D        | Reached XP level 8. HP: 68/68 MP: 13/15
   415 | D        | Mangled by a white ugly thing

Vault maps used:
D:        linesprint

Skill      XL: |  1  2  3  4  5  6  7 |
---------------+----------------------+-----
Maces & Flails | 4 5 6 7 8 |  8.7
Fighting       | 4 5 6 7 8 |  8.0
Armour         | 3 4 5 6 7 |  7.4
Shields        | 4 5 6 7 |  7.5
Invocations    | 3 5 6 8 9 |  9.5
Dodging        | 1 2 |  2.5

Action                   |  1- 3 |  4- 6 |  7- 9 || total
-------------------------+-------+-------+-------++-------
Melee: Flail             |    30 |     9 |    15 ||    54
       Headbutt          |     2 |     1 |     3 ||     6
Evoke: Wand              |     1 |     4 |     5 ||    10
  Use: Potion            |     1 |       |       ||     1
Armor: Scale mail        |    17 |       |       ||    17
       Ring mail         |       |       |     2 ||     2
Dodge: Dodged            |     7 |     9 |     3 ||    19
Block: Shield            |     8 |    10 |    11 ||    29

Table legend:
 A = Spawn XP
 B = Non-spawn XP
 C = Spawn XP percentage of total XP
 D = Spawn monster count
 E = Non-spawn monster count
 F = Spawn count percentage of total count
 G = Total turns spent on level
                    A         B        C        D         E        F      G
               +---------+---------+-------+---------+---------+-------+---------
         Total |       0 |    1560 |   0.0 |       0 |      21 |   0.0 |   415
               +---------+---------+-------+---------+---------+-------+---------
             D |       0 |    1560 |   0.0 |       0 |      21 |   0.0 |   415
               +---------+---------+-------+---------+---------+-------+---------
